 Dungeon Crawl Stone Soup version 0.30-a0-937-ga0a21ad780 (webtiles) character file.

Game seed: 14967446823201509342

1698 Iniera the Grappler (level 9, 0/62 HPs)
             Began as an Octopode Fighter on Mar 25, 2023.
             Was a Follower of Cheibriados.
             Killed by divine providence
             ... invoked by an orc priest
              (13 damage)
             ... on level 6 of the Dungeon.
             The game lasted 00:06:56 (4248 turns).

Iniera the Grappler (Octopode Fighter)              Turns: 4248, Time: 00:06:57

Health: 0/62       AC:  1    Str: 28    XL:     9   Next: 3%
Magic:  9/9        EV: 18    Int: 12    God:    Cheibriados [*.....]
Gold:   326        SH:  5    Dex: 13    Spells: 8/8 levels left

rFire   + . .      SeeInvis .      - Unarmed
rCold   . . .      Faith    .    a - +0 buckler
rNeg    . . .      Spirit   .    (helmet restricted)
rPois   +          Reflect  .    i - amulet of regeneration
rElec   .          Rampage  .    q - +6 ring of strength
rCorr   .                        p - +5 ring of evasion
Will    .....                    u - ring of protection from fire
Stlth   ++++                     v - ring of poison resistance
HPRegen 1.10/turn                (no ring)
MPRegen 0.11/turn                (no ring)
                                 (no ring)
                                 (no ring)

@: very slow
A: almost no armour, amphibious, 8 rings, camouflage 1, gelatinous body 1,
(nimble swimmer 1), tentacles
a: Renounce Religion, Bend Time


You were on level 6 of the Dungeon.
You worshipped Cheibriados.
Cheibriados was aware of your devotion.
You visited 2 branches of the dungeon, and saw 7 of its levels.

You collected 1301 gold pieces.
You spent 975 gold pieces at shops.

Inventory:

Armour
 a - a +0 buckler (worn)
Jewellery
 i - an amulet of regeneration (around mantle)
 p - a +5 ring of evasion (right tentacle)
 q - a +6 ring of strength (left tentacle)
 u - a ring of protection from fire (on tentacle)
 v - a ring of poison resistance (on tentacle)
Wands
 n - a wand of mindburst (8)
 s - a wand of iceblast (14)
 t - a wand of paralysis (7)
Scrolls
 d - 2 scrolls of teleportation
 g - a scroll of amnesia
 h - a scroll of magic mapping
 j - 2 scrolls of vulnerability
 m - a scroll of blinking
 o - a scroll of immolation
 r - a scroll of silence
 x - a scroll of identify
Potions
 b - 3 potions of might
 c - 3 potions of curing
 e - 2 potions of heal wounds
 f - 3 potions of mutation
 k - 4 potions of lignification
 l - a potion of flight {unknown}
 w - a potion of resistance {unknown}


   Skills:
 + Level 6.0 Fighting
 + Level 3.6 Dodging
 + Level 5.2 Stealth
 + Level 3.6 Shields
 + Level 8.9 Unarmed Combat


You had 8 spell levels left.
You didn't know any spells.
Your spell library contained the following spells:

 Spells                   Type           Power      Damage    Failure   Level
 Blink                    Tloc           0%         N/A       54%         2
 Airstrike                Air            0%         2d(0-16)  99%         4
 Manifold Assault         Tloc           0%         N/A       99%         4
 Summon Lightning Spire   Summ/Air       0%         N/A       99%         4
 Plasma Beam              Fire/Air       0%         2x1d11    100%        5
 Storm Form               Tmut/Air       0%         N/A       100%        7


Dungeon Overview and Level Annotations

Branches:
Dungeon (6/15)             Temple (1/1) D:5

Altars:
Ashenzari
Cheibriados
Dithmenos
Elyvilon
Fedhas
Gozag
Hepliaklqana
Kikubaaqudgha
Makhleb
Nemelex Xobeh
Okawaru
Qazlal
Ru
Sif Muna
Trog
Uskayaw
Vehumet
Wu Jian
Xom
Yredelemnul
Zin
The Shining One

Shops:
D:4 =

Annotations:
D:3 4 transporters, Darius099's ghost, amateur BaHu


Innate Abilities, Weirdness & Mutations

You cannot wear most types of armour.
You are amphibious.
You can wear up to eight rings at the same time.
Your skin changes colour to match your surroundings (Stealth+).
Your rubbery body absorbs attacks. (AC +1, EV +1)
((You are camouflaged when in or above water. (Stealth+)))
You have tentacles for arms and can constrict up to eight enemies at once.


Message History

The iguana is severely wounded.
You constrict the iguana. The iguana closely misses you.
The orc priest calls down the wrath of Beogh upon you.
Beogh smites you!
You tentacle-slap the iguana.
You kill the iguana!
Cheibriados appreciates the change of pace.
You can now bend time to slow others.
Cheibriados raises the support of your attributes as your movement slows.
The orc priest invokes the aid of Beogh against you.
Beogh smites you!
* * * LOW HITPOINT WARNING * * *
Your Fighting skill increases to level 6!
You barely miss the orc. Your grab misses the orc.
You tentacle-slap the orc but do no damage.
You grab the orc. You constrict the orc. The orc barely misses you.
You bludgeon the orc!
You kill the orc!
Cheibriados appreciates the change of pace.
You tentacle-slap the orc. Your grab misses the orc. You squeeze the orc.
The orc is almost dead.
The orc misses you.
You tentacle-slap the orc but do no damage.
Your grab misses the orc. Your squeeze misses the orc.
The orc is almost dead.
The orc barely misses you.
The orc priest calls down the wrath of Beogh upon you.
Beogh smites you!
* * * LOW HITPOINT WARNING * * *
You completely miss the orc. You grab the orc.
You squeeze the orc, but do no damage.
The orc is almost dead.
You constrict the orc.
You kill the orc!
Cheibriados appreciates the change of pace.
You barely miss the orc priest. You grab the orc priest.
You constrict the orc priest.
The orc priest mumbles some strange prayers to Beogh against you.
Beogh smites you!
You die...

.............#
.............###
....<.........>#
.###.........#.# ###### .#
#####.....#.# #######....## .#
#.....#####..##...##..#
.#######...............#####.#
.#.........###########..#....#
.#.......#......@o..###.#.####
.#################..# #.#.# #
.##.# #.#.# #...o..#.#.#
#.o....#.#.## ..........#..#
#...........#..#
#..............#
#..............#


You could see an orc priest.

Vanquished Creatures
  Pikel (D:4)
  Edmund (D:6)
  An orc warrior (D:6)
  A black bear (D:5)
  2 ogres
  A lemure (D:4)
  A scorpion (D:6)
  3 wights (D:6)
  A jelly (D:5)
  2 hounds
  2 orc priests
  Ijyb (D:4)
  3 iguanas
  2 orc wizards
  4 gnolls (D:5)
  11 adders
  A shadow imp (D:5)
  A white imp (D:5)
  An ufetubus (D:5)
  2 worms
  A dart slug (D:2)
  9 orcs
  4 bats
  11 endoplasms
  10 goblins
  7 hobgoblins
  5 quokkas
  10 ball pythons
  7 frilled lizards
  4 kobolds
  11 rats
121 creatures vanquished.

Notes
Turn   | Place    | Note
-------+----------+-------------------------------------------
     0 | D:1      | Iniera the Octopode Fighter began the quest for the Orb.
     0 | D:1      | Reached XP level 1. HP: 16/16 MP: 1/1
    50 | D:1      | Reached XP level 2. HP: 14/21 MP: 2/2
   152 | D:1      | Reached skill level 3 in Unarmed Combat
   297 | D:1      | Reached XP level 3. HP: 26/26 MP: 3/3
   602 | D:2      | You fall into a shaft and drop 2 floors!
   611 | D:4      | Noticed an ogre
   624 | D:4      | Killed an ogre
   625 | D:4      | Reached skill level 5 in Unarmed Combat
   625 | D:4      | Reached XP level 4. HP: 31/31 MP: 4/4
   628 | D:4      | Reached XP level 5. HP: 36/36 MP: 5/5
   863 | D:3      | Found a hazy altar of Hepliaklqana.
   913 | D:3      | Reached skill level 6 in Unarmed Combat
   913 | D:3      | Reached XP level 6. HP: 35/42 MP: 6/6
  1767 | D:3      | Found a transporter.
  1781 | D:3      | Found a transporter.
  1796 | D:3      | Found a transporter.
  1796 | D:3      | Noticed Darius099's ghost (amateur BaHu)
  1797 | D:3      | Identified the +1 dire flail "Nack" {freeze, rC+ Str+2
                  | Dex+3 Stlth-}
  1798 | D:3      | Found a transporter.
  1885 | D:3      | Found a broken altar of Ashenzari.
  1887 | D:3      | Found an ancient bone altar of Kikubaaqudgha.
  2099 | D:4      | Found Aplili's Jewellery Emporium.
  2110 | D:4      | Noticed Pikel
  2128 | D:4      | Killed Pikel
  2129 | D:4      | Reached skill level 7 in Unarmed Combat
  2129 | D:4      | Reached XP level 7. HP: 30/49 MP: 7/7
  2374 | D:4      | Reached skill level 8 in Unarmed Combat
  2432 | D:4      | Noticed Ijyb
  2441 | D:4      | Killed Ijyb
  2732 | D:5      | Entered Level 5 of the Dungeon
  2787 | D:5      | Reached skill level 1 in Stealth
  2794 | D:5      | Reached XP level 8. HP: 54/54 MP: 8/8
  2802 | D:5      | Found a staircase to the Ecumenical Temple.
  2815 | Temple   | Entered the Ecumenical Temple
  2887 | Temple   | Became a worshipper of Cheibriados the Contemplative
  2982 | D:5      | Found a sparkling altar of Nemelex Xobeh.
  2982 | D:5      | Found an iron altar of Okawaru.
  2990 | D:5      | Found a sacrificial altar of Ru.
  2992 | D:5      | Found a shimmering blue altar of Sif Muna.
  2994 | D:5      | Found a bloodstained altar of Trog.
  3072 | D:5      | Reached skill level 5 in Fighting
  3577 | D:5      | Identified a scroll of acquirement
  3577 | D:5      | Acquired 966 gold pieces
  3620 | D:4      | Bought an amulet of regeneration for 390 gold pieces
  3620 | D:4      | Bought a ring of protection from fire for 325 gold pieces
  3620 | D:4      | Bought a ring of poison resistance for 260 gold pieces
  4078 | D:6      | Noticed Edmund
  4091 | D:6      | Killed Edmund
  4239 | D:6      | Reached skill level 5 in Stealth
  4239 | D:6      | Reached XP level 9. HP: 36/62 MP: 9/9
  4241 | D:6      | Reached * piety under Cheibriados
  4248 | D:6      | Killed from afar by an orc priest

Illustrated notes

Levels and vault maps discovered:
D:1:      enne_arrival_octagon_isle, layout_rooms, minmay_quantized
D:2:      layout_basic, minmay_surrounded
D:3:      minmay_wonky_spiral, layout_basic, gammafunk_temple_overflow_arena,
          mainiacjoe_overflow_chevrons, gammafunk_ghost_smash,
          minmay_fountain_box
D:4:      layout_loops_ring, serial_shops, shop, kennysheep_cross_bottleneck,
          uniq_pikel, uniq_ijyb
D:5:      layout_loops_cross, chequers_temple_overflow_minitemple,
          minmay_temple_entry_mini_moons
D:6:      layout_basic, serial_co_window_serial, co_window_paths_a,
          co_window_paths_a, co_window_cross_1, co_window_paths_a,
          co_window_paths_a, co_window_cross_4, co_window_unsneaky_path_a,
          co_window_broadway_b, co_window_cross_4, glass_columns_a,
          chequers_serial_rivers_large_b, uniq_edmund
Temple:   eino_temple_lava

Skill      XL: |  1  2  3  4  5  6  7  8  9 |
---------------+----------------------------+-----
Unarmed Combat | 3 5 6 7 8 |  8.9
Fighting       | 4 5 6 |  6.0
Stealth        | 1 5 |  5.2
Dodging        | |  3.6
Shields        | |  3.6

Action                     |  1- 3 |  4- 6 |  7- 9 || total
---------------------------+-------+-------+-------++-------
  Melee: Unarmed           |    59 |   112 |    97 ||   268
         Constrict         |    13 |    19 |    26 ||    58
         Tentacles         |    12 |    15 |    20 ||    47
         Punch             |     1 |     6 |     8 ||    15
    Use: Potion            |     1 |     1 |       ||     2
         Scroll            |       |    11 |     5 ||    16
   Stab: Sleeping          |     8 |    13 |     5 ||    26
 Armour: Skin              |     7 |     8 |     2 ||    17
  Dodge: Dodged            |    22 |    46 |    62 ||   130
  Block: Buckler           |     9 |    18 |    14 ||    41

Table legend: (Time is in decaauts)
 A = Elapsed time spent in this place.
 B = Non-inter-level travel time spent in this place.
 C = Inter-level travel time spent in this place.
 D = Time resting spent in this place.
 E = Time spent auto-exploring this place.
 F = Levels seen in this place.
 G = Mean time per level.
                   A        B        C        D        E       F      G
               +--------+--------+--------+--------+--------+-----+--------+
         Total |   4552 |   4301 |    251 |    245 |   3153 |   7 |  650.3 |
       Dungeon |   4471 |   4245 |    226 |    245 |   3104 |   6 |  745.2 |
        Temple |     81 |     57 |     24 |      0 |     49 |   1 |   81.0 |
               +--------+--------+--------+--------+--------+-----+--------+

Top non-repeatable levels by time:
     D:5: 955 daAuts
     D:4: 860 daAuts
     D:6: 744 daAuts
     D:2: 738 daAuts
     D:3: 598 daAuts
     D:1: 573 daAuts
  Temple: 81 daAuts
